 Dungeon Crawl Stone Soup version 0.21.0 (webtiles) character file.

2543 Cecky the Grappler (level 9, -7/83 HPs)
             Began as a Troll Monk on Jan 7, 2018.
             Was a Believer of Wu Jian.
             Killed by divine providence
             ... invoked by an orc priest
              (12 damage)
             ... on level 8 of the Dungeon.
             The game lasted 00:14:17 (5628 turns).

Cecky the Grappler (Troll Monk)                     Turns: 5628, Time: 00:14:17

Health: -7/83      AC:  5    Str: 26    XL:     9   Next: 30%
Magic:  9/9        EV: 10    Int:  6    God:    Wu Jian [**....]
Gold:   381        SH:  9    Dex: 15    Spells: 8/8 levels left

rFire    . . .     SeeInvis .     - Unarmed
rCold    . . .     Gourm    +   f - +0 shield
rNeg     . . .     Faith    .   a - +0 robe
rPois    .         Spirit   .   (helmet restricted)
rElec    .         Reflect  .   (no cloak)
rCorr    .         Harm     .   (gloves unavailable)
MR       .....                  (boots unavailable)
Stlth    ++........             (no amulet)
HPRegen  0.63/turn              (no ring)
MPRegen  0.11/turn              (no ring)

@: mighty, slowed, very slow
A: large, unfitting armour, claws 3, fast metabolism 3, gourmand, regeneration
1, shaggy fur 1, tough skin 2
a: Wall Jump, Renounce Religion


You were on level 8 of the Dungeon.
You worshipped Wu Jian.
Wu Jian was pleased with you.
You were very full.

You visited 2 branches of the dungeon, and saw 9 of its levels.

You collected 381 gold pieces.

Inventory:

Missiles
 s - 2 throwing nets (quivered)
 v - 5 curare-tipped needles
Armour
 a - a +0 robe (worn)
 f - a +0 shield (worn)
Wands
 l - a wand of acid (17)
 r - a wand of clouds (3)
 y - a wand of polymorph (16)
 A - a wand of flame (26)
 E - a wand of random effects (29)
 H - a wand of disintegration (11)
Scrolls
 c - 3 scrolls of amnesia {unknown}
 e - 7 scrolls of identify
 i - 2 scrolls of teleportation {unknown}
 n - a scroll of noise {unknown}
 o - 2 scrolls of immolation {unknown}
 p - 2 scrolls of random uselessness {unknown}
 u - a scroll of fear {unknown}
 w - 4 scrolls of remove curse
 x - a scroll of enchant weapon {unknown}
 G - a scroll of enchant armour {unknown}
Potions
 d - 2 potions of might
 g - 2 potions of lignification {unknown}
 h - 2 potions of flight {unknown}
 j - a potion of cancellation {unknown}
 k - a potion of heal wounds {unknown}
 m - 2 potions of haste {unknown}
 q - 2 potions of curing {unknown}
 t - 2 potions of brilliance {unknown}
 C - a potion of agility {unknown}
Books
 B - a book of Misfortune

   Spells                             Type                      Level
   a - Confusing Touch                Hexes                        1
   b - Confuse                        Hexes                        3
   c - Gell's Gravitas                Translocation                3
   d - Petrify                        Transmutation/Earth          4
   e - Metabolic Englaciation         Hexes/Ice                    5
   f - Yara's Violent Unravelling     Hexes/Transmutation          5
Miscellaneous
 D - a lamp of fire (inert)
Comestibles
 b - 7 rations
 z - 9 chunks of flesh


   Skills:
 + Level 3.3 Fighting
 + Level 4.9 Dodging
 - Level 1.0 Stealth
 + Level 2.9 Shields
 * Level 10.4 Unarmed Combat
 - Level 2.2 Evocations


You had 8 spell levels left.
You didn't know any spells.

Dungeon Overview and Level Annotations

Branches:
Dungeon (8/15)             Temple (1/1) D:7
   Lair: D:8-11

Altars:
Ashenzari
Cheibriados
Dithmenos
Elyvilon
Fedhas
Gozag
Hepliaklqana
Kikubaaqudgha
Makhleb
Nemelex Xobeh
Okawaru
Qazlal
Ru
Sif Muna
Trog
Uskayaw
Vehumet
Wu Jian
Xom
Yredelemnul
Zin
The Shining One

Annotations:
D:8 Erica


Innate Abilities, Weirdness & Mutations

You are too large for most types of armour.
You have claws for hands.
Your metabolism is lightning-fast.
You like to eat raw meat.
Your natural rate of healing is unusually fast.
You are covered in fur. (AC +1)
You have very tough skin. (AC +2)


Message History

Erica is heavily wounded.
Erica casts a spell at you.
You feel yourself slow down.
An orc priest comes into view. It is wielding a mace.
Your shield prevents you from hitting Erica.
Erica is heavily wounded.
Erica says, "I love to fight, but killing is better."
Erica hits you with a scimitar of flaming!
* * * LOW HITPOINT WARNING * * *
Erica burns you.
* * * LOW HITPOINT WARNING * * *
It was a potion of might.
You feel very mighty all of a sudden.
Erica hits you with a scimitar of flaming!
* * * LOW HITPOINT WARNING * * *
Erica burns you.
* * * LOW HITPOINT WARNING * * *
The orc priest calls down the wrath of Beogh upon you.
Beogh smites you!
You die...

#######
########..@@o####
#...<....###lKo(#
.....########
####o..... ###
..... K... ... ..
.


You could see Erica, 2 orc priests, an orc, a leopard gecko and a kobold.

Vanquished Creatures
  A phantom (D:7)
  4 orc warriors
  3 ogres
  The ghost of SnubMonkey the Poker, an amateur MfGl (D:3)
  A centaur (D:6)
  2 big kobolds
  A wyvern skeleton (D:6)
  4 scorpions
  6 killer bees (D:7)
  2 crimson imps (D:6)
  A jelly (D:7)
  2 hounds
  5 orc priests
  Crazy Yiuf (D:7)
  10 orc wizards
  A worker ant (D:6)
  A hound skeleton (D:6)
  A howler monkey skeleton (D:4)
  9 adders
  8 gnolls
  4 shadow imps
  A worm (D:2)
  5 dart slugs
  5 leopard geckos
  23 orcs
  3 ball pythons (D:3)
  11 bats
  7 giant cockroaches
  6 goblins
  10 hobgoblins
  9 jackals
  4 quokkas
  4 frilled lizards
  15 kobolds
  A quokka skeleton (D:7)
  12 rats
184 creatures vanquished.

Vanquished Creatures (others)
  5 dream sheep (D:7)
5 creatures vanquished.

Grand Total: 189 creatures vanquished

Notes
Turn   | Place    | Note
-------+----------+-------------------------------------------
     0 | D:1      | Cecky the Troll Monk began the quest for the Orb.
     0 | D:1      | Reached XP level 1. HP: 22/22 MP: 0/0
     2 | D:1      | Noticed a felid
     2 | D:1      | Noticed a tengu
     4 | D:1      | Noticed a spriggan
     4 | D:1      | Noticed a draconian
     6 | D:1      | Noticed a demigod
     6 | D:1      | Noticed a formicid
     8 | D:1      | Noticed a halfling
     8 | D:1      | Noticed a minotaur
    10 | D:1      | Noticed an ogre
    10 | D:1      | Noticed a dwarf
    12 | D:1      | Noticed a vine stalker
    14 | D:1      | Noticed a vampire
    14 | D:1      | Noticed a troll
    16 | D:1      | Noticed a centaur
    16 | D:1      | Noticed a naga
    18 | D:1      | Noticed a human
    18 | D:1      | Noticed an elf
    20 | D:1      | Noticed a ghoul
    22 | D:1      | Noticed a gargoyle
    22 | D:1      | Noticed a merfolk
    24 | D:1      | Noticed a demonspawn
    26 | D:1      | Noticed an octopode
    86 | D:1      | Reached XP level 2. HP: 29/29 MP: 1/1
   637 | D:1      | Reached XP level 3. HP: 36/36 MP: 2/2
   911 | D:2      | Reached skill level 4 in Unarmed Combat
  1083 | D:2      | Reached XP level 4. HP: 41/44 MP: 3/3
  1415 | D:3      | Reached XP level 5. HP: 41/50 MP: 4/4
  1548 | D:3      | Noticed SnubMonkey's ghost (amateur MfGl)
  1548 | D:3      | Noticed an orc warrior
  1576 | D:3      | Killed SnubMonkey's ghost
  1576 | D:3      | Reached skill level 1 in Shields
  1576 | D:3      | Reached skill level 5 in Unarmed Combat
  1751 | D:3      | Reached XP level 6. HP: 52/59 MP: 5/5
  2129 | D:3      | Killed an orc warrior
  2129 | D:3      | Reached skill level 6 in Unarmed Combat
  2644 | D:4      | Reached XP level 7. HP: 67/67 MP: 6/6
  2745 | D:4      | Found a bloodstained altar of Trog.
  2869 | D:4      | Found a hide-covered altar of Uskayaw.
  2872 | D:4      | Noticed a hand axe
  2873 | D:4      | Noticed a hand axe
  2884 | D:4      | Reached skill level 7 in Unarmed Combat
  3105 | D:5      | Entered Level 5 of the Dungeon
  3173 | D:5      | Found a radiant altar of Vehumet.
  3458 | D:5      | Found a basalt altar of Yredelemnul.
  3682 | D:6      | Reached skill level 8 in Unarmed Combat
  3772 | D:6      | Reached XP level 8. HP: 67/75 MP: 7/7
  3972 | D:6      | Got a twisted falchion
  4289 | D:6      | Reached skill level 1 in Evocations
  4382 | D:7      | Reached skill level 9 in Unarmed Combat
  4544 | D:7      | Found a white marble altar of Elyvilon.
  4544 | D:7      | Found an opulent altar of Gozag.
  4546 | D:7      | Found a blossoming altar of Fedhas.
  4546 | D:7      | Found a snail-covered altar of Cheibriados.
  4546 | D:7      | Found a sparkling altar of Nemelex Xobeh.
  4569 | D:7      | Found a radiant altar of Vehumet.
  4569 | D:7      | Found a hazy altar of Hepliaklqana.
  4570 | D:7      | Found a shimmering altar of Xom.
  4722 | D:7      | Identified the cursed +1 falchion of the Puffball {speed, *Rage rElec rF++ rC-} (You found it on level 6 of the Dungeon)
  4727 | D:7      | Found a staircase to the Ecumenical Temple.
  4743 | Temple   | Entered the Ecumenical Temple
  4778 | Temple   | Became a worshipper of the Wu Jian Council
  4778 | Temple   | Reached * piety under Wu Jian
  4778 | Temple   | Reached ** piety under Wu Jian
  4901 | D:7      | Reached XP level 9. HP: 73/83 MP: 9/9
  4916 | D:7      | Found a shimmering altar of Xom.
  5053 | D:7      | Reached skill level 10 in Unarmed Combat
  5110 | D:7      | Found a runed door.
  5114 | D:7      | Noticed Crazy Yiuf
  5119 | D:7      | Killed Crazy Yiuf
  5611 | D:8      | Noticed Erica
  5628 | D:8      | Killed from afar by an orc priest

Skill      XL: |  1  2  3  4  5  6  7  8  9 |
---------------+----------------------------+-----
Unarmed Combat | 4 5 6 8 9 10 | 10.4
Dodging        | 3 4 |  4.9
Shields        | 1 2 |  2.9
Fighting       | 3 |  3.3
Evocations     | 2 |  2.2
Stealth        | |  1.0

Action                   |  1- 3 |  4- 6 |  7- 9 || total
-------------------------+-------+-------+-------++-------
Melee: Unarmed           |   115 |   149 |   311 ||   575
Invok: Lunge             |       |       |     4 ||     4
       Whirlwind         |       |       |     2 ||     2
Evoke: Lamp of fire      |       |       |     1 ||     1
  Use: Potion            |       |     1 |     1 ||     2
       Scroll            |       |       |     2 ||     2
 Stab: Sleeping          |     4 |     2 |       ||     6
       Invisible         |       |     1 |       ||     1
  Eat: Chunk             |    16 |    14 |    27 ||    57
Armor: Robe              |    60 |    38 |    53 ||   151
Dodge: Dodged            |    60 |    46 |    95 ||   201
Block: Shield            |    46 |    41 |   111 ||   198
